 Dungeon Crawl Stone Soup version 0.30.1-4-g462c640d31 (webtiles) character file.

Game seed: 13513222719865530980

56 boopmooplesden the Covered (level 3, -9/33 HPs)
             Began as an Armataur Fighter on Sept 17, 2023.
             Mangled by Crazy Yiuf
             ... wielding a +2 quarterstaff of chaos
              (13 damage)
             ... on level 2 of the Dungeon.
             The game lasted 00:01:49 (1507 turns).

boopmooplesden the Covered (Armataur Fighter)       Turns: 1507, Time: 00:01:50

Health: -9/33      AC: 10    Str: 23    XL:     3   Next: 71%
Magic:  3/3        EV:  7    Int:  8    God:
Gold:   110        SH:  4    Dex:  9    Spells: 2/2 levels left

rFire   . . .        a - +0 long sword
rCold   . . .        c - +0 buckler
rNeg    . . .        b - +0 scale mail
rPois   .            (no helmet)
rElec   .            (no cloak)
rCorr   .            p - +2 pair of gloves
SInv    .            (no barding)
Will    .....        (no amulet) Stlth
                     (no ring)
HPRegen 0.25/turn    (no ring)
MPRegen 0.08/turn

%: roll
@: mighty
A: large, rugged brown scales 3, deformed body, armoured tail, roll, long
tongue, awkward tongue
a: no special abilities


You were on level 2 of the Dungeon.
You visited 1 branch of the dungeon, and saw 2 of its levels.

You collected 110 gold pieces.

Inventory:

Hand Weapons
 a - a +0 long sword (weapon)
 i - the +6 dagger "Caqery" {vamp, rCorr}
   (You found it on level 2 of the Dungeon)

   rCorr:     It protects you from acid and corrosion.
Missiles
 k - 5 javelins (quivered)
Armour
 b - a +0 scale mail (worn)
 c - a +0 buckler (worn)
 p - a +2 pair of gloves (worn)
Scrolls
 e - a scroll of teleportation
 f - 4 scrolls of identify
 l - a scroll of enchant weapon {unknown}
 o - a scroll of butterflies {unknown}
Potions
 g - 2 potions of heal wounds
 j - 2 potions of berserk rage {unknown}
 m - a potion of degeneration {unknown}
 n - a potion of flight {unknown}


   Skills:
 + Level 3.0 Fighting
 + Level 2.5 Long Blades
 + Level 4.1 Armour
 + Level 0.2 Stealth
 + Level 3.9 Shields


You had 2 spell levels left.
You didn't know any spells.
Your spell library contained the following spells:

 Spells                   Type           Power      Damage    Failure   Level
 Magic Dart               Conj           0%         1d3       78%         1
 Searing Ray              Conj           0%         2d4       89%         2
 Fulminant Prism          Conj/Hex       0%         3d5       100%        4


Dungeon Overview and Level Annotations

Branches:
Dungeon (2/15)

Altars:
Ashenzari

Annotations:
D:2 Crazy Yiuf


Innate Abilities, Weirdness & Mutations

You are completely covered in rugged brown scales. (AC +3, +7% HP)
Armour fits poorly on your strangely shaped body.
You have a long armoured tail.
You roll when moving toward enemies. (Rampage)
Your long tongue fully drains potion bottles. (2x potion effects)
Your tongue gives you trouble enunciating. (1.5x scroll delay)


Message History

Found 3 stones.
You see here 3 stones.
Found a stone staircase leading down.
There is a stone staircase leading down here.
Found a hand axe.
f - 4 scrolls of identify (gained 1)
You see here a +2 pair of gloves.
You see here a +0 robe.
Found a hammer.
Found a runed translucent door.
Search for what [? for help]? gloves You see here a +0 robe.
You see here a +2 pair of gloves.
p - a +2 pair of gloves You start removing your armour.
You continue taking off your +0 pair of gloves. x4
You finish taking off your +0 pair of gloves.
You start putting on your armour.
You continue putting on your +2 pair of gloves. x5
You finish putting on your +2 pair of gloves.
You drop a +0 pair of gloves.
You see here a +0 dagger.
You now have 110 gold pieces (gained 18).
You see here a +0 dagger.
You see here a +0 robe.
Crazy Yiuf shouts!
You open the door.
You feel very mighty all of a sudden.
You slurp down every last drop of the potion of might!
Crazy Yiuf hits you with a +2 quarterstaff of chaos.
You are electrocuted!
You slash Crazy Yiuf!
Crazy Yiuf is heavily wounded.
Crazy Yiuf hits you with a +2 quarterstaff of chaos.
* * * LOW HITPOINT WARNING * * *
Crazy Yiuf burns you.
* * * LOW HITPOINT WARNING * * *
You hit Crazy Yiuf but do no damage.
Crazy Yiuf is heavily wounded.
Crazy Yiuf hits you with a +2 quarterstaff of chaos!
You die...

#........
#####.###
#...## #####
#.#..# #)..#
#.##>. #...#
#.#### ...
#.# #g# #.#
♣@♣♣ #.#
♣♣.♣
######.#
♣.♣♣
##......##
♣♣.♣
#........##
♣♣.♣♣
#.........#
♣♣...♣
#.........#
♣....♣
#.........#
#....#
#.........#
#....#
#.........##


You could see Crazy Yiuf.

Vanquished Creatures
  An adder (D:2)
  2 worms (D:2)
  2 dart slugs
  3 endoplasms
  4 giant cockroaches (D:2)
  6 goblins
  2 hobgoblins
  3 kobolds
  2 quokkas (D:2)
  A ball python (D:2)
  3 frilled lizards (D:1)
  7 rats
36 creatures vanquished.

Notes
Turn   | Place    | Note
-------+----------+-------------------------------------------
     0 | D:1      | boopmooplesden the Armataur Fighter began the quest for the
                  | Orb.
     0 | D:1      | Reached XP level 1. HP: 19/19 MP: 1/1
   186 | D:1      | Reached XP level 2. HP: 26/26 MP: 2/2
   616 | D:1      | Reached skill level 4 in Armour
   844 | D:2      | Reached XP level 3. HP: 33/33 MP: 3/3
   846 | D:2      | Identified the +6 dagger "Caqery" {vamp, rCorr}
  1183 | D:2      | Found a broken altar of Ashenzari.
  1343 | D:2      | Found a runed translucent door.
  1501 | D:2      | Noticed Crazy Yiuf
  1507 | D:2      | Mangled by Crazy Yiuf

Illustrated notes

Levels and vault maps discovered:
D:1:      dpeg_arrival_renting, layout_basic, serial_rivers,
          chequers_serial_rivers_small_b, chequers_serial_rivers_micro_d,
          chequers_serial_rivers_room_b, chequers_serial_rivers_small_b,
          chequers_serial_rivers_micro_c
D:2:      cheibrodos_old_hovel, layout_rooms, basic_altar, st_stairs_4,
          grunt_ministairs_13, uniq_crazy_yiuf_cottage

Skill      XL: |  1  2 |
---------------+-------+-----
Fighting       | 3 |  3.0
Armour         | 4 |  4.1
Long Blades    | 2 |  2.5
Stealth        | |  0.2
Shields        | |  3.9

Action                     || total
---------------------------++-------
  Melee: Long sword        ||   112
         Tailslap          ||     8
    Use: Scroll            ||     3
         Potion            ||     1
 Armour: Scale mail        ||    65
  Dodge: Dodged            ||    35
  Block: Buckler           ||    36
